[Event "ICC tourney 2520 (60 10)"]
[Site "Internet Chess Club"]
[Date "2021.04.17"]
[Round "1"]
[White "GIORGIO, FRANCESCA:FrankieG"]
[Black "Zinder, Eyden:EydenZ"]
[Result "1/2-1/2"]
[ICCResult "Game drawn by repetition"]
[WhiteElo "284"]
[BlackElo "647"]
[Opening "Ruy Lopez: exchange variation, 5.O-O"]
[ECO "C68"]
[NIC "RL.08"]
[Time "10:02:28"]
[PlyCount "147"]
[TimeControl "3600+10"]

1. e4 e5 2. Nf3 Nc6 3. Bb5 a6 4. Bxc6 dxc6 5. O-O Nf6 6. Nc3 Bd6 7. d3 Bg4
8. Bg5 O-O 9. h3 Be6 10. d4 Qd7 11. dxe5 Bc4 12. Re1 Bc5 13. Qxd7 Nxd7 14.
b3 Be6 15. Na4 Ba7 16. Rad1 b5 17. Nc3 b4 18. Na4 h6 19. Be7 Rfe8 20. Bxb4
c5 21. Ba5 Nb6 22. Nxc5 Bc8 23. Nd4 Rxe5 24. b4 Re8 25. Nc6 Rf8 26. Ne7+
Kh8 27. e5 Re8 28. e6 fxe6 29. Nxe6 Rxe7 30. Rd8+ Kh7 31. Nf8+ Kh8 32. Rxe7
Bb7 33. Ng6+ Kh7 34. Nf8+ Kh8 35. b5 Rxd8 36. bxa6 Rxf8 37. axb7 Bb8 38.
Bc3 Nd5 39. Bxg7+ Kg8 40. Bxf8 Kxf8 41. Re5 c6 42. Re4 Nf6 43. Ra4 Nd7 44.
Kf1 Ke8 45. Ke2 Kd8 46. Kd3 Kc7 47. Rb4 Nc5+ 48. Kd4 Nxb7 49. a4 Ba7+ 50.
Kc3 Bb6 51. g4 Ba5 52. h4 Bxb4+ 53. Kxb4 c5+ 54. Kc4 Kd6 55. Kd3 Nd8 56. g5
hxg5 57. hxg5 Ne6 58. f4 Nxf4+ 59. Ke4 Ng6 60. a5 Kc6 61. a6 Kb6 62. Kd5
Kxa6 63. Kxc5 Kb7 64. Kd5 Kc7 65. Ke4 Kd7 66. Kf5 Ne7+ 67. Kf6 Ke8 68. c3
Ng8+ 69. Kf5 Ne7+ 70. Kf6 Ng8+ 71. Kf5 Ne7+ 72. Kf6 Ng8+ 73. Kf5 Ne7+ 74.
Kf6 { Game drawn by repetition } 1/2-1/2

[Event "ICC tourney 2520 (60 10)"]
[Site "Internet Chess Club"]
[Date "2021.04.17"]
[Round "1"]
[White "CAO, ELIZABETH YEHENG:LizCao"]
[Black "WANG, ARSTON:randomplayer533"]
[Result "0-1"]
[ICCResult "White checkmated"]
[WhiteElo "371"]
[BlackElo "757"]
[Opening "Three knights game"]
[ECO "C46"]
[NIC "KP.06"]
[Time "10:03:05"]
[PlyCount "74"]
[TimeControl "3600+10"]

1. e4 e5 2. Nf3 Nc6 3. Nc3 Bc5 4. Bc4 d6 5. O-O Bg4 6. Be2 h6 7. d3 Nf6 8.
a3 a6 9. b4 Ba7 10. Nd2 Be6 11. Nc4 Nd4 12. Be3 Nxe2+ 13. Qxe2 b6 14. a4
O-O 15. Qf3 Nd7 16. Qg3 Qf6 17. Bd2 Rfe8 18. Rfe1 Nf8 19. Rab1 Bd7 20. Re3
Ng6 21. Rf3 Qd8 22. Na3 Re6 23. a5 b5 24. Be3 Rf6 25. Rxf6 Qxf6 26. Bxa7
Rxa7 27. Nd5 Qg5 28. Qf3 Nf4 29. Qe3 Nxd5 30. Qxg5 hxg5 31. exd5 c6 32.
dxc6 Bxc6 33. Re1 Rc7 34. Re3 Bd7 35. Rg3 f6 36. Nb1 Rxc2 37. Na3 Rc1# {
White checkmated } 0-1

[Event "ICC tourney 2520 (60 10)"]
[Site "Internet Chess Club"]
[Date "2021.04.17"]
[Round "1"]
[White "BIRUDAVOLU, SATHVIK:Vikki24"]
[Black "WARREN, MICHAEL C:c30mw"]
[Result "0-1"]
[ICCResult "White checkmated"]
[WhiteElo "631"]
[BlackElo "264"]
[Opening "Vienna game"]
[ECO "C28"]
[NIC "VG.02"]
[Time "10:02:39"]
[PlyCount "164"]
[TimeControl "3600+10"]

1. e4 e5 2. Bc4 Nf6 3. Nc3 Nc6 4. h3 Bc5 5. Nf3 d6 6. O-O O-O 7. d3 h6 8.
Re1 Re8 9. Be3 Bxe3 10. Rxe3 a6 11. a3 b5 12. Ba2 Nd4 13. Nd5 Nxd5 14. Bxd5
Rb8 15. Nxd4 exd4 16. Rf3 Be6 17. Bxe6 Rxe6 18. Qd2 Rg6 19. Qf4 Qe7 20. Re1
Qg5 21. Qxg5 Rxg5 22. Rg3 Rxg3 23. fxg3 Re8 24. Kf2 d5 25. e5 c5 26. b3 a5
27. Kf3 f6 28. e6 g5 29. h4 gxh4 30. gxh4 Kg7 31. h5 f5 32. Kf4 Kf6 33. g4
fxg4 34. Kxg4 Rxe6 35. Rf1+ Kg7 36. Rf5 Re2 37. Rxd5 Rxc2 38. Kf5 Rf2+ 39.
Ke6 Re2+ 40. Kd6 Rb2 41. Rxc5 Rxb3 42. Rd5 Rxd3 43. Rxb5 Rxa3 44. Rd5 d3
45. Ke5 a4 46. Ke4 Rc3 47. Ke3 a3 48. Ra5 Kf6 49. Kd2 Rb3 50. Ra6+ Kg5 51.
Ra5+ Kh4 52. Ke3 Kg4 53. Kd2 Kh4 54. Ke3 Kg4 55. Kd2 Rb2+ 56. Kxd3 a2 57.
Kc3 Rb5 58. Rxa2 Rxh5 59. Rg2+ Kf3 60. Rd2 Rc5+ 61. Kd4 Rc8 62. Rh2 Rh8 63.
Ke5 Kg3 64. Rh5 Kg4 65. Rh1 h5 66. Ke4 h4 67. Ke3 Kg3 68. Ke2 Kg2 69. Rxh4
Rxh4 70. Kd3 Rh3+ 71. Ke4 Kf2 72. Kd4 Ke2 73. Ke5 Rh5+ 74. Ke4 Rh4+ 75. Ke5
Ke3 76. Kd5 Rd4+ 77. Ke5 Re4+ 78. Kd5 Kd3 79. Kd6 Kd4 80. Kd7 Kd5 81. Kd8
Kc6 82. Kc8 Re8# { White checkmated } 0-1

[Event "ICC tourney 2520 (60 10)"]
[Site "Internet Chess Club"]
[Date "2021.04.17"]
[Round "1"]
[White "Sun, Aiden:aiden0613"]
[Black "MOGHE, ARJUN CHAITANYA:Galactico7"]
[Result "0-1"]
[ICCResult "White checkmated"]
[WhiteElo "722"]
[BlackElo "340"]
[Opening "Scotch game"]
[ECO "C45"]
[NIC "SO.05"]
[Time "10:02:30"]
[PlyCount "160"]
[TimeControl "3600+10"]

1. e4 e5 2. Nf3 Nc6 3. d4 exd4 4. Nxd4 Bc5 5. Be3 Qf6 6. Nxc6 Qxc6 7. Bxc5
Qxc5 8. Nc3 Nf6 9. Bd3 O-O 10. O-O d6 11. h3 Qg5 12. Qf3 Nh5 13. Kh1 Be6
14. Nd5 c6 15. Nc7 Rac8 16. Nxe6 fxe6 17. Qg4 Qxg4 18. hxg4 Nf6 19. Bc4 d5
20. exd5 cxd5 21. Bb3 Nxg4 22. f3 Ne3 23. Rfe1 Nxc2 24. Bxc2 Rxc2 25. Rxe6
Rxb2 26. Rd6 Rb5 27. a4 Ra5 28. Rd7 b5 29. Rxd5 Rxa4 30. Rxa4 bxa4 31. Ra5
Ra8 32. Rxa4 a5 33. Kh2 Kf7 34. g4 Kg6 35. Kg3 h6 36. f4 Kf6 37. Kf3 g5 38.
f5 h5 39. gxh5 Kxf5 40. h6 Kg6 41. Ke4 Kxh6 42. Kf5 Kh5 43. Ra1 Rf8+ 44.
Ke6 Ra8 45. Kf5 Rf8+ 46. Ke6 Kg6 47. Rxa5 Rf6+ 48. Kd7 Rf7+ 49. Ke8 Rf6 50.
Ke7 Rf7+ 51. Ke6 Rf1 52. Ra2 Re1+ 53. Kd6 Rd1+ 54. Ke6 Rf1 55. Rg2 Rf6+ 56.
Ke5 Rf5+ 57. Ke6 Rf1 58. Ke5 Re1+ 59. Kd4 Rd1+ 60. Ke3 Re1+ 61. Kf2 Ra1 62.
Kg3 Ra3+ 63. Kh2 Ra4 64. Kg3 Re4 65. Kh2 Rh4+ 66. Kg1 Kh5 67. Kf2 g4 68.
Kg3 Rh3+ 69. Kf4 Rf3+ 70. Ke4 Kg5 71. Rh2 Rf4+ 72. Ke3 Rf3+ 73. Ke2 Rh3 74.
Rg2 Kh4 75. Kf2 Rf3+ 76. Kg1 g3 77. Kh1 Kh3 78. Kg1 Re3 79. Kh1 Re1+ 80.
Rg1 g2# { White checkmated } 0-1

[Event "ICC tourney 2520 (60 10)"]
[Site "Internet Chess Club"]
[Date "2021.04.17"]
[Round "1"]
[White "DENG, HOPE:Hopetiger"]
[Black "AHARONIAN, ANDRE:Andre2011"]
[Result "0-1"]
[ICCResult "White resigns"]
[WhiteElo "330"]
[BlackElo "716"]
[Opening "Four knights: Scotch variation"]
[ECO "C47"]
[NIC "KP.06"]
[Time "10:44:43"]
[PlyCount "72"]
[TimeControl "3600+10"]

1. e4 e5 2. Nf3 Nc6 3. Nc3 Nf6 4. d4 d6 5. dxe5 dxe5 6. Bd2 Bb4 7. Bb5 Bxc3
8. Bxc3 Qxd1+ 9. Rxd1 O-O 10. O-O Nxe4 11. Rde1 Nxc3 12. bxc3 Bg4 13. Ng5
h6 14. Ne4 a6 15. Bxc6 bxc6 16. f3 Bf5 17. Ng3 Bxc2 18. Rc1 Ba4 19. a3 Rad8
20. Nf5 c5 21. Ne7+ Kh8 22. Rce1 Rfe8 23. Nf5 Bd7 24. Nh4 g5 25. Rd1 gxh4
26. Rd2 Bb5 27. Rfd1 Rxd2 28. Rxd2 Bc4 29. Rd7 Rc8 30. Re7 a5 31. Rxf7 Bxf7
32. h3 Rd8 33. g4 Rd3 34. f4 exf4 35. g5 hxg5 36. c4 Rd1+ { White resigns }
0-1

[Event "ICC tourney 2520 (60 10)"]
[Site "Internet Chess Club"]
[Date "2021.04.17"]
[Round "1"]
[White "Cruz, Hyland:HydeCruz"]
[Black "NOGI, JASPER:JasperN"]
[Result "1-0"]
[ICCResult "Black checkmated"]
[WhiteElo "703"]
[BlackElo "330"]
[Opening "French: exchange variation"]
[ECO "C01"]
[NIC "FR.01"]
[Time "10:02:25"]
[PlyCount "105"]
[TimeControl "3600+10"]

1. e4 e6 2. d4 d5 3. exd5 exd5 4. c4 Nf6 5. Nc3 Nc6 6. Nf3 Be6 7. Bf4 Bd6
8. Bxd6 Qxd6 9. cxd5 Nxd5 10. Nxd5 Bxd5 11. a3 O-O 12. Be2 Rfe8 13. O-O Re4
14. Re1 Qf6 15. Rc1 Rc8 16. Rc5 Rd8 17. Rb5 b6 18. Qc2 Rd6 19. Rd1 Nxd4 20.
Nxd4 Rxd4 21. Rxd4 Qxd4 22. Rb4 Qc5 23. Qxc5 h6 24. Qe3 Rc6 25. Qe8+ Kh7
26. Qxc6 Bxc6 27. Rc4 Bb5 28. Rxc7 Bxe2 29. Rxa7 Kg6 30. Rb7 b5 31. b3 Bd3
32. a4 bxa4 33. bxa4 Be4 34. Rb6+ Kf5 35. a5 Ke5 36. a6 Kd5 37. a7 Kc5 38.
Rb8 Kd6 39. a8=Q Bxa8 40. Rxa8 Ke6 41. g3 g5 42. Rh8 f5 43. Rxh6+ Ke5 44.
Kg2 Ke4 45. h4 gxh4 46. gxh4 Kf4 47. Rg6 Ke5 48. h5 Kf4 49. h6 Ke5 50. h7
Kf4 51. h8=Q Ke4 52. Qe8+ Kf4 53. Qe3# { Black checkmated } 1-0

[Event "ICC tourney 2520 (60 10)"]
[Site "Internet Chess Club"]
[Date "2021.04.17"]
[Round "2"]
[White "HACKETT, NORA:NoraHps77"]
[Black "LaRose, Benjamin:benlarose"]
[Result "0-1"]
[ICCResult "White checkmated"]
[WhiteElo "160"]
[BlackElo "450"]
[Opening "Giuoco Pianissimo: Italian four knights variation"]
[ECO "C47"]
[NIC "KP.06"]
[Time "13:30:06"]
[PlyCount "30"]
[TimeControl "3600+10"]

1. e4 e5 2. Nf3 Nc6 3. Nc3 Nf6 4. Bc4 Bc5 5. d3 h6 6. O-O d6 7. Na4 Bg4 8.
Nxc5 dxc5 9. h3 Bh5 10. Bxf7+ Kxf7 11. g4 Nxg4 12. hxg4 Bxg4 13. Qd2 Bxf3
14. Re1 Qh4 15. Kf1 Qh1# { White checkmated } 0-1

[Event "ICC tourney 2520 (60 10)"]
[Site "Internet Chess Club"]
[Date "2021.04.17"]
[Round "2"]
[White "AHARONIAN, ANDRE:Andre2011"]
[Black "Day, Abbott:c30ad"]
[Result "1-0"]
[ICCResult "Black resigns"]
[WhiteElo "716"]
[BlackElo "455"]
[Opening "Scandinavian (center counter) defense"]
[ECO "B01"]
[NIC "VO.17"]
[Time "13:29:45"]
[PlyCount "65"]
[TimeControl "3600+10"]

1. e4 d5 2. d3 dxe4 3. Nc3 exd3 4. Bxd3 Nf6 5. Nf3 e6 6. Bb5+ Bd7 7. Bxd7+
Qxd7 8. Qxd7+ Nbxd7 9. O-O Bb4 10. Bg5 O-O 11. Bxf6 Nxf6 12. a3 Ba5 13. h3
Nd5 14. Nxd5 exd5 15. b4 Bb6 16. Rfd1 c6 17. a4 c5 18. bxc5 Bxc5 19. Rxd5
Bb6 20. a5 Bc7 21. Rd7 Rac8 22. Re1 b6 23. axb6 Bxb6 24. Rd3 Rxc2 25. Rd5
a5 26. Ra1 Ra8 27. Rad1 a4 28. Nd4 a3 29. Nxc2 a2 30. Rd6 Bc5 31. Rd8+ Rxd8
32. Rxd8+ Bf8 33. Ra8 { Black resigns } 1-0

[Event "ICC tourney 2520 (60 10)"]
[Site "Internet Chess Club"]
[Date "2021.04.17"]
[Round "2"]
[White "CICCIA, MARTINA:MartinaC"]
[Black "RICAUD, LYNN:lricaud"]
[Result "0-1"]
[ICCResult "White checkmated"]
[WhiteElo "263"]
[BlackElo "551"]
[Opening "Ruy Lopez: Berlin defense"]
[ECO "C65"]
[NIC "RL.07"]
[Time "13:29:15"]
[PlyCount "40"]
[TimeControl "3600+10"]

1. e4 e5 2. Nf3 Nc6 3. Bb5 Nf6 4. Bxc6 dxc6 5. Nc3 Bb4 6. Nxe5 Bxc3 7. bxc3
Nxe4 8. O-O O-O 9. d3 Nxc3 10. Qf3 Re8 11. Qg3 Ne2+ 12. Kh1 Nxg3+ 13. hxg3
Rxe5 14. Bf4 Rh5+ 15. Kg1 Qd5 16. Rfe1 h6 17. Re2 Bg4 18. Re3 Bh3 19. gxh3
Rxh3 20. g4 Qh1# { White checkmated } 0-1

[Event "ICC tourney 2520 (60 10)"]
[Site "Internet Chess Club"]
[Date "2021.04.17"]
[Round "2"]
[White "VITTICORE, VIOLA:ViolaVps130"]
[Black "BONFILI, MAX:MVBonfili"]
[Result "0-1"]
[ICCResult "White checkmated"]
[WhiteElo "163"]
[BlackElo "474"]
[Opening "King's pawn game"]
[ECO "C20"]
[NIC "KP.10"]
[Time "13:30:06"]
[PlyCount "24"]
[TimeControl "3600+10"]

1. e4 e5 2. Bb5 Nf6 3. Bxd7+ Bxd7 4. Qf3 Nc6 5. Ke2 Qe7 6. Nc3 Bg4 7. h3
Bxf3+ 8. Kxf3 Nd4+ 9. Ke3 Nxc2+ 10. Kf3 Nxa1 11. Nge2 O-O-O 12. Nb1 Rd3# {
White checkmated } 0-1

[Event "ICC tourney 2520 (60 10)"]
[Site "Internet Chess Club"]
[Date "2021.04.17"]
[Round "2"]
[White "CHU, ELIAS:Checkmate065"]
[Black "VON SCHIMMELMANN, ALEXANDER:AlexV2013"]
[Result "1-0"]
[ICCResult "Black checkmated"]
[WhiteElo "761"]
[BlackElo "273"]
[Opening "Scandinavian (center counter) defense"]
[ECO "B01"]
[NIC "SD.02"]
[Time "13:30:06"]
[PlyCount "43"]
[TimeControl "3600+10"]

1. e4 d5 2. exd5 Qxd5 3. Nc3 Qd8 4. d4 e6 5. Nf3 Bb4 6. Bd2 Nc6 7. Bb5 Bd7
8. O-O Nf6 9. a3 Bxc3 10. Bxc3 O-O 11. Bxc6 Bxc6 12. b4 Nd5 13. Bb2 Qh4 14.
Nxh4 Nf4 15. Qg4 Bxg2 16. Nxg2 Nd3 17. cxd3 f5 18. Qg5 h6 19. Qg3 Rf6 20.
d5 Rd8 21. Bxf6 Rf8 22. Qxg7# { Black checkmated } 1-0

[Event "ICC tourney 2520 (60 10)"]
[Site "Internet Chess Club"]
[Date "2021.04.17"]
[Round "2"]
[White "GOH, OLIVER:olivergps33"]
[Black "GIORGIO, FRANCESCA:FrankieG"]
[Result "1-0"]
[ICCResult "Black resigns"]
[WhiteElo "613"]
[BlackElo "284"]
[Opening "Four knights: Italian variation"]
[ECO "C47"]
[NIC "KP.06"]
[Time "13:29:19"]
[PlyCount "49"]
[TimeControl "3600+10"]

1. e4 e5 2. Nf3 Nc6 3. Nc3 Nf6 4. Bc4 Nxe4 5. Nxe4 d5 6. Bd3 dxe4 7. Bxe4
Bg4 8. Bxc6+ bxc6 9. h3 Bxf3 10. Qxf3 Bc5 11. Qxc6+ Ke7 12. Qxc5+ Ke8 13.
O-O Qe7 14. Qc6+ Kd8 15. Qxa8+ Kd7 16. Qxh8 f6 17. Qxh7 f5 18. Qxf5+ Qe6
19. Qxe6+ Kxe6 20. d3 Kd5 21. c4+ Kd4 22. Rd1 e4 23. dxe4+ Kxe4 24. f3+ Ke5
25. Rd7 { Black resigns } 1-0

[Event "ICC tourney 2520 (60 10)"]
[Site "Internet Chess Club"]
[Date "2021.04.17"]
[Round "2"]
[White "KANG, LAUREN SEYIN:earlcat"]
[Black "GOMEZ, ARONNY:Aronny0512"]
[Result "1-0"]
[ICCResult "Black checkmated"]
[WhiteElo "409"]
[BlackElo "100"]
[Opening "Philidor's defense"]
[ECO "C41"]
[NIC "KP.10"]
[Time "13:29:28"]
[PlyCount "35"]
[TimeControl "3600+10"]

1. e4 e5 2. Nf3 d6 3. Bc4 Bg4 4. Be2 Nf6 5. O-O Nxe4 6. d3 Qh4 7. dxe4 h5
8. Bg5 Be7 9. Bxh4 Rh6 10. Bxe7 Kxe7 11. Ng5 Kf6 12. Bxg4 Kxg5 13. Be2 h4
14. Bg4 Nc6 15. Qf3 h3 16. Qf5+ Kh4 17. Bxh3 Rhh8 18. Qg4# { Black
checkmated } 1-0

[Event "ICC tourney 2520 (60 10)"]
[Site "Internet Chess Club"]
[Date "2021.04.17"]
[Round "2"]
[White "TOSSOU, FAVOR:RYCSFavor"]
[Black "Sun, Aiden:aiden0613"]
[Result "0-1"]
[ICCResult "White checkmated"]
[WhiteElo "292"]
[BlackElo "722"]
[Opening "Giuoco Pianissimo: Italian four knights variation"]
[ECO "C47"]
[NIC "KP.06"]
[Time "13:29:44"]
[PlyCount "60"]
[TimeControl "3600+10"]

1. e4 e5 2. Nf3 Nc6 3. Nc3 Nf6 4. Bc4 Bc5 5. d3 h6 6. O-O d6 7. Bd2 Bg4 8.
h3 Bh5 9. Qc1 Bxf3 10. gxf3 Qd7 11. Kh2 Nd4 12. Be3 O-O-O 13. Qd1 g5 14.
Rg1 Rdg8 15. Rg2 Rg7 16. Rb1 Rhg8 17. Qg1 Nxf3+ 18. Kh1 Nxg1 19. Kxg1 Bxe3
20. fxe3 Qxh3 21. Rh2 Qxe3+ 22. Rf2 Ng4 23. Rf1 Nxf2 24. Rxf2 g4 25. Nd5
Qe1+ 26. Rf1 Qg3+ 27. Kh1 Qh3+ 28. Kg1 g3 29. Ne7+ Kb8 30. Nxg8 Qh2# {
White checkmated } 0-1

[Event "ICC tourney 2520 (60 10)"]
[Site "Internet Chess Club"]
[Date "2021.04.17"]
[Round "2"]
[White "LIANG, KEVIN:Kingkevin13"]
[Black "Na, Alexander:Madsilly3"]
[Result "1-0"]
[ICCResult "Black checkmated"]
[WhiteElo "105"]
[BlackElo "403"]
[Opening "Queen's pawn, Mason variation"]
[ECO "D00"]
[NIC "QP.08"]
[Time "13:29:35"]
[PlyCount "141"]
[TimeControl "3600+10"]

1. d4 d5 2. Bf4 Nc6 3. Nf3 Nf6 4. Nbd2 Bf5 5. c3 e6 6. e3 Bd6 7. Be5 Bxe5
8. dxe5 Ne4 9. Nxe4 dxe4 10. Nd4 Nxd4 11. Qxd4 Qxd4 12. exd4 O-O-O 13.
O-O-O Rd5 14. Bc4 Ra5 15. b4 Ra4 16. Bb3 Ra3 17. Kb2 Ra6 18. Bc4 Rb6 19. a4
a5 20. b5 Rd8 21. Rhe1 Bg4 22. Be2 Bxe2 23. Rxe2 Rd5 24. Rxe4 Rdxb5+ 25.
axb5 Rxb5+ 26. Ka3 a4 27. Rh4 Rb3+ 28. Kxa4 Rxc3 29. Rxh7 Rc4+ 30. Kb3 Rc6
31. Rxg7 Rb6+ 32. Kc2 Ra6 33. Rxf7 Ra2+ 34. Kc1 Ra1+ 35. Kd2 Ra2+ 36. Ke1
Ra4 37. Rf6 Kd7 38. Rc1 Rxd4 39. Rf7+ Kc8 40. Rfxc7+ Kb8 41. Rc8+ Ka7 42.
Ra1+ Kb6 43. Re8 Re4+ 44. Kd2 Rxe5 45. Rb1+ Ka7 46. Ra1+ Kb6 47. Re1 Rd5+
48. Ke2 Re5+ 49. Kf1 Rd5 50. R8xe6+ Ka7 51. Ra1+ Kb8 52. Re8+ Kc7 53. Re7+
Kb6 54. Re6+ Kc7 55. Re2 Rb5 56. Ree1 b6 57. Rab1 Rc5 58. Rb2 Kc6 59. Reb1
b5 60. Rxb5 Kd5 61. Rxc5+ Kxc5 62. h4 Kd6 63. h5 Ke6 64. h6 Kf7 65. Rb6 Kg8
66. g4 Kh8 67. f4 Kg8 68. g5 Kh8 69. f5 Kg8 70. g6 Kh8 71. Rb8# { Black
checkmated } 1-0

[Event "ICC tourney 2520 (60 10)"]
[Site "Internet Chess Club"]
[Date "2021.04.17"]
[Round "2"]
[White "HERNANDEZ, KAMILA :KamilaHps139"]
[Black "Tsay, Benjamin:tkdmaster725"]
[Result "0-1"]
[ICCResult "White checkmated"]
[WhiteElo "177"]
[BlackElo "496"]
[Opening "Queen's pawn: Chigorin variation"]
[ECO "D00"]
[NIC "QP.08"]
[Time "13:29:52"]
[PlyCount "42"]
[TimeControl "3600+10"]

1. d4 d5 2. Nc3 Nf6 3. Qd3 e6 4. Bd2 Bd6 5. O-O-O e5 6. Qg3 exd4 7. Nb5
Bxg3 8. fxg3 O-O 9. Ba5 b6 10. Bb4 a5 11. Ba3 Re8 12. Re1 Ba6 13. Nxd4 Re4
14. Nb3 Bc8 15. Nd2 Re8 16. h4 Bf5 17. h5 h6 18. Rh4 Qd7 19. g4 Bh7 20. g5
Qc6 21. gxf6 Qxc2# { White checkmated } 0-1

[Event "ICC tourney 2520 (60 10)"]
[Site "Internet Chess Club"]
[Date "2021.04.17"]
[Round "2"]
[White "FOFANA, OMAR:HVOumar"]
[Black "VASHISHT, ANEESH:aneeshgm2013"]
[Result "0-1"]
[ICCResult "White resigns"]
[WhiteElo "430"]
[BlackElo "698"]
[Opening "Scotch gambit: Dubois-Réti defense"]
[ECO "C55"]
[NIC "KP.02"]
[Time "13:29:24"]
[PlyCount "30"]
[TimeControl "3600+10"]

1. e4 e5 2. Nf3 Nc6 3. Bc4 Nf6 4. d4 exd4 5. Nxd4 Nxe4 6. O-O Nxd4 7. Qxd4
Nc5 8. Bf4 Ne6 9. Bxe6 fxe6 10. Nc3 c5 11. Qe5 d6 12. Qh5+ g6 13. Qh3 e5
14. Bd2 Bxh3 15. gxh3 Be7 { White resigns } 0-1

[Event "ICC tourney 2520 (60 10)"]
[Site "Internet Chess Club"]
[Date "2021.04.17"]
[Round "2"]
[White "Ramkumar, Nikhil:nikhilramkumar"]
[Black "DAYEN, ANDREW:adayen"]
[Result "1-0"]
[ICCResult "Black checkmated"]
[WhiteElo "667"]
[BlackElo "396"]
[Opening "Four knights: Italian variation"]
[ECO "C47"]
[NIC "KP.06"]
[Time "13:29:38"]
[PlyCount "77"]
[TimeControl "3600+10"]

1. e4 e5 2. Nf3 Nc6 3. Nc3 Nf6 4. Bc4 Bb4 5. d3 O-O 6. O-O d6 7. h3 h6 8.
Nd5 Bc5 9. Nc3 a6 10. a4 Na5 11. Ba2 c6 12. Qe2 Qb6 13. Re1 Bg4 14. hxg4
Nxg4 15. Be3 d5 16. Bxc5 Qxc5 17. exd5 f5 18. dxc6+ Kh8 19. Nxe5 Qd6 20.
Nxg4 fxg4 21. Qxg4 Qf6 22. Ne4 Qf7 23. Bxf7 Rxf7 24. f3 Nxc6 25. Kf2 Nb4
26. Rh1 Nxc2 27. Rac1 Nb4 28. Rc8+ Rxc8 29. Qxc8+ Kh7 30. Qc3 a5 31. Ng5+
Kg6 32. Nxf7 Kxf7 33. Qc7+ Kg6 34. Qxb7 Kh7 35. Qe4+ g6 36. Qe7+ Kh8 37.
Rxh6+ Kg8 38. Rxg6+ Kh8 39. Qg7# { Black checkmated } 1-0

[Event "ICC tourney 2520 (60 10)"]
[Site "Internet Chess Club"]
[Date "2021.04.17"]
[Round "2"]
[White "BELYAKOV, KSENIA:SAKseniaB"]
[Black "LUCAS, WILLIAM:Williaml"]
[Result "0-1"]
[ICCResult "White checkmated"]
[WhiteElo "115"]
[BlackElo "445"]
[Opening "Trompowsky attack (Ruth, Opocenský opening)"]
[ECO "A45"]
[NIC "QP.07"]
[Time "13:30:06"]
[PlyCount "56"]
[TimeControl "3600+10"]

1. d4 Nf6 2. Bg5 Nc6 3. Bxf6 exf6 4. e4 d5 5. exd5 Qe7+ 6. Be2 Na5 7. a3 b6
8. a4 Bd7 9. Nc3 Nc4 10. Qd3 Nxb2 11. Qd2 Nc4 12. Qd1 O-O-O 13. Ne4 Qxe4
14. f3 Qh4+ 15. g3 Qg5 16. Bxc4 Re8+ 17. Ne2 Bb4+ 18. c3 Bxc3+ 19. Kf1 Bxa1
20. Qxa1 Bh3+ 21. Ke1 Bg2 22. Ba6+ Kb8 23. Rg1 Bxf3 24. Kf2 Bxe2 25. Bxe2
Qf5+ 26. Kg2 Rxe2+ 27. Kh1 Qxd5+ 28. Rg2 Qxg2# { White checkmated } 0-1

[Event "ICC tourney 2520 (60 10)"]
[Site "Internet Chess Club"]
[Date "2021.04.17"]
[Round "2"]
[White "FLEISCHAUER, LEO:LeoFps130"]
[Black "CHANG, PARKER:parkercps33"]
[Result "1-0"]
[ICCResult "Black checkmated"]
[WhiteElo "607"]
[BlackElo "332"]
[Opening "Queen's pawn game"]
[ECO "D00"]
[NIC "QP.08"]
[Time "13:30:06"]
[PlyCount "23"]
[TimeControl "3600+10"]

1. d4 d5 2. e3 Nc6 3. Bd3 Nf6 4. f4 Bd7 5. Nf3 e6 6. O-O Bd6 7. Ne5 O-O 8.
Rf3 Nb4 9. Rh3 Ba4 10. Bxh7+ Nxh7 11. Qh5 Qd7 12. Qxh7# { Black checkmated
} 1-0

[Event "ICC tourney 2520 (60 10)"]
[Site "Internet Chess Club"]
[Date "2021.04.17"]
[Round "2"]
[White "ROOSEN, WILLIAM:Willy013"]
[Black "OWUSU-BOAKYE, NANA:NanaKwame102012"]
[Result "0-1"]
[ICCResult "White checkmated"]
[WhiteElo "782"]
[BlackElo "532"]
[Opening "Scotch game"]
[ECO "C45"]
[NIC "SO.05"]
[Time "13:29:36"]
[PlyCount "154"]
[TimeControl "3600+10"]

1. e4 e5 2. Nf3 Nc6 3. d4 exd4 4. Nxd4 Bc5 5. Nxc6 Qf6 6. Qf3 Qxc6 7. Bc4
Nf6 8. O-O O-O 9. Nc3 d6 10. Bg5 Bg4 11. Qf4 Be6 12. b3 Bd4 13. Qf3 Bg4 14.
Qf4 Be5 15. Qe3 Be6 16. Bxe6 fxe6 17. Bxf6 Bxf6 18. Ne2 Bxa1 19. Rxa1 Qxc2
20. Nd4 Qb2 21. Rf1 Qxa2 22. Nxe6 Rfe8 23. Nxc7 Rac8 24. Nxe8 Rxe8 25. h3
d5 26. f3 dxe4 27. fxe4 Qa5 28. Qf4 Qb6+ 29. Kh2 Qf6 30. Qxf6 gxf6 31. Rxf6
Rxe4 32. Rd6 Rb4 33. Rd8+ Kf7 34. Rd7+ Ke6 35. Rxh7 Rxb3 36. Rh8 a5 37. Ra8
Rb5 38. h4 Kf5 39. g3 Kg4 40. Rg8+ Kh5 41. Kh3 a4 42. Ra8 Rb4 43. Ra7 b5
44. Ra5 Rb3 45. Kh2 Kg4 46. h5 Kxh5 47. Kh3 Kg6 48. Ra6+ Kf5 49. Ra5 a3 50.
Kh4 Rb4+ 51. Kh3 Rb3 52. Kh4 Kg6 53. g4 b4 54. Ra6+ Kf7 55. Kg5 Rg3 56. Kf5
b3 57. Ra7+ Ke8 58. Ke6 Re3+ 59. Kf5 Re7 60. Ra8+ Kf7 61. g5 b2 62. g6+ Kg7
63. Rb8 a2 64. Rxb2 a1=Q 65. Rh2 Qe5+ 66. Kg4 Qxh2 67. Kf5 Qh5+ 68. Kf4
Qxg6 69. Kf3 Rf7+ 70. Ke3 Qe6+ 71. Kd4 Rd7+ 72. Kc5 Qd6+ 73. Kb5 Rb7+ 74.
Kc4 Rb4+ 75. Kc3 Qd4+ 76. Kc2 Rb2+ 77. Kc1 Qd2# { White checkmated } 0-1

[Event "ICC tourney 2520 (60 10)"]
[Site "Internet Chess Club"]
[Date "2021.04.17"]
[Round "2"]
[White "LIGHTMAN, ZELDA ANNE:ZeldaLightman"]
[Black "KHAN, ADIL LEONIDAS:akhan123"]
[Result "0-1"]
[ICCResult "White checkmated"]
[WhiteElo "493"]
[BlackElo "757"]
[Opening "Four knights: Spanish variation"]
[ECO "C48"]
[NIC "KP.03"]
[Time "13:29:35"]
[PlyCount "80"]
[TimeControl "3600+10"]

1. e4 e5 2. Nf3 Nc6 3. Nc3 Nf6 4. Bb5 Bd6 5. O-O O-O 6. d3 h6 7. h3 a6 8.
Ba4 b5 9. Bb3 Bb7 10. Be3 Qe7 11. a3 a5 12. Nxb5 Ba6 13. Nxd6 Qxd6 14. Re1
Bb7 15. c3 Qe7 16. d4 exd4 17. cxd4 Rfe8 18. d5 Ne5 19. Nxe5 Qxe5 20. g3
Nxe4 21. Bf4 Qxb2 22. Bc2 Nd6 23. Rxe8+ Rxe8 24. Bd2 Bxd5 25. Bf4 Bf3 26.
Qd2 Qxa1+ 27. Bd1 Qxd1+ 28. Qxd1 Bxd1 29. Kf1 Nc4 30. a4 Be2+ 31. Kg2 Bd1
32. g4 g5 33. Bxc7 Nd2 34. Bxa5 Bf3+ 35. Kg3 Re2 36. Bb6 Bc6 37. h4 gxh4+
38. Kxh4 Re1 39. f4 Ne4 40. a5 Rh1# { White checkmated } 0-1

[Event "ICC tourney 2520 (60 10)"]
[Site "Internet Chess Club"]
[Date "2021.04.17"]
[Round "2"]
[White "LOPEZ, RUBI:Rubilopez05"]
[Black "WEISSMAN, JONAS:nycjjw"]
[Result "0-1"]
[ICCResult "White resigns"]
[WhiteElo "109"]
[BlackElo "411"]
[Opening "Vienna game"]
[ECO "C25"]
[NIC "VG.04"]
[Time "13:30:00"]
[PlyCount "60"]
[TimeControl "3600+10"]

1. e4 e5 2. Nc3 Bb4 3. a3 Ba5 4. Bb5 Bb6 5. Bc4 Qf6 6. Nf3 Nc6 7. d4 Nxd4
8. Bg5 Nxf3+ 9. gxf3 Qxg5 10. Qd2 Qxd2+ 11. Kxd2 Bxf2 12. Ke2 Bd4 13. Kd3
d6 14. Rhg1 Bxg1 15. f4 Bxh2 16. fxe5 Bxe5 17. Ke3 h5 18. Kf3 h4 19. Kg2
h3+ 20. Kh1 Bg4 21. Kg1 Bf3 22. Kf2 Bg2 23. Ke3 h2 24. Nb5 Bxb2 25. Rb1 Kd8
26. Rxb2 h1=Q 27. Rb3 Rh3+ 28. Kd4 Qd1+ 29. Rd3 Rxd3+ 30. Bxd3 c5+ { White
resigns } 0-1